 Dungeon Crawl Stone Soup version 0.28-a0-1389-gc726bef33b (webtiles) character file.

Game seed: 8184771588736046818

56 Deminshera the Caller (level 3, -1/31 HPs)
             Began as an Ogre Summoner on Jan 3, 2022.
             Slain by an orc wizard (4 damage)
             ... on level 3 of the Dungeon.
             The game lasted 00:02:15 (1624 turns).

Deminshera the Caller (Ogre Summoner)               Turns: 1624, Time: 00:02:15

Health: -1/31      AC:  5    Str: 12    XL:     3   Next: 97%
Magic:  3/7        EV: 10    Int: 18    God:
Gold:   99         SH:  0    Dex:  9    Spells: 2/8 levels left

rFire   + . .      SeeInvis .   f - +2 dagger (vamp)
rCold   . . .      Faith    .   (no shield)
rNeg    . . .      Spirit   .   h - +2 robe {rF+}
rPois   .          Reflect  .   (helmet restricted)
rElec   .          Harm     .   (no cloak)
rCorr   .          Rampage  .   (gloves unavailable)
Will    .....                   (boots unavailable)
Stlth   ++........              (no amulet)
HPRegen 0.10/turn               e - ring of wizardry
MPRegen 0.10/turn               (no ring)

@: hasted, very quick
A: large, unfitting armour, tough skin 1
a: no special abilities


You were on level 3 of the Dungeon.
You visited 1 branch of the dungeon, and saw 3 of its levels.

You collected 99 gold pieces.

Inventory:

Hand Weapons
 f - a +2 vampiric dagger (weapon)
Armour
 h - a +2 robe of fire resistance (worn)
Jewellery
 e - a ring of wizardry (left hand)
Scrolls
 a - a scroll of identify
 b - a scroll of vulnerability
 d - a scroll of magic mapping {unknown}
 j - a scroll of summoning {unknown}
 k - a scroll of enchant armour {unknown}
Potions
 g - a potion of berserk rage {unknown}
 i - a potion of brilliance {unknown}


   Skills:
 - Level 2.0 Dodging
 - Level 2.0 Stealth
 + Level 3.3 Spellcasting
 + Level 4.1 Summonings


You had 2 spell levels left.
You knew the following spells:

 Your Spells              Type           Power      Damage    Failure   Level
a - Summon Small Mammal   Summ           72%        N/A       1%          1
b - Call Imp              Summ           18%        N/A       1%          2
c - Call Canine Familiar  Summ           18%        N/A       3%          3

Your spell library contained the following spells:

 Spells                   Type           Power      Damage    Failure   Level
 Summon Guardian Golem    Hex/Summ       10%        N/A       9%          3
 Summon Lightning Spire   Summ/Air       10%        N/A       26%         4


Dungeon Overview and Level Annotations

Branches:
Dungeon (3/15)

Altars:

Shops:
D:1 !


Innate Abilities, Weirdness & Mutations

You are too large for most types of armour.
You have tough skin. (AC +1)


Message History

Deactivating autopickup; reactivate with Ctrl-A.
You bump into the rock wall.
The orc throws a boomerang.
The boomerang hits you. The orc hits you but does no damage.
You hit the orc.
The orc is severely wounded.
You hear some strange, mumbled words.
A puff of flame appears from out of thin air!
The puff of flame hits you. You resist.
The orc priest calls upon Beogh to heal the orc.
The orc closely misses you.
An orc comes into view. It is wielding a +0 club.
The orc misses you.
You hit the orc.
You feel better.
The orc is almost dead.
Your hound seems less confused.
Something hits you but does no damage. The orc misses you.
The orc priest mumbles some strange prayers to Beogh against you.
Beogh smites you!
You hit the orc but do no damage. You barely miss the orc.
You feel less confused. The orc hits you but does no damage.
Something hits you but does no damage.
The orc priest invokes the aid of Beogh against you.
Beogh smites you!
* * * LOW HITPOINT WARNING * * *
Your hound barely misses the orc priest.
Casting: Call Canine Familiar (dangerous; 3% risk of failure)
Confirm with . or Enter, or press ? or * to list all spells.
You don't know that spell.
Unknown command.
As you read the scroll labelled CEPRITEHIRA, it crumbles to dust.
It is a scroll of identify.
b - a scroll of vulnerability Your hound closely misses the orc priest.
The orc hits you but does no damage. Something hits you but does no damage.
The orc priest casts a cantrip, but nothing happens.
It was a potion of haste.
You feel yourself speed up.
Your hound barely misses the orc priest.
The orc hits you but does no damage. Something hits you.
You die...

##.## ...# #..#
## #..#
##.####..#
.........# #
.###.##<## #.
#####o#o#
####..##....o.@#
...........#o###
###...#....h##
#...........#
#...###.###.#
#### ### .# #


You could see an orc priest, 3 orcs and a friendly hound (summoned).

Vanquished Creatures
  Jessica (D:2)
  An adder (D:2)
  An endoplasm (D:2)
  A giant cockroach (D:2)
  2 goblins (D:2)
  2 ball pythons (D:1)
8 creatures vanquished.

Vanquished Creatures (collateral kills)
  A dart slug (D:2)
  A giant cockroach (D:2)
  A goblin (D:1)
  3 hobgoblins (D:2)
  A frilled lizard (D:2)
  5 rats
12 creatures vanquished.

Grand Total: 20 creatures vanquished

Notes
Turn   | Place    | Note
-------+----------+-------------------------------------------
     0 | D:1      | Deminshera the Ogre Summoner began the quest for the Orb.
     0 | D:1      | Reached XP level 1. HP: 16/16 MP: 3/3
    88 | D:1      | Found Tick's Distillery.
   816 | D:2      | Reached XP level 2. HP: 22/24 MP: 3/5
   819 | D:2      | Learned a level 2 spell: Call Imp
  1094 | D:2      | Reached XP level 3. HP: 27/31 MP: 4/7
  1098 | D:2      | Learned a level 3 spell: Call Canine Familiar
  1176 | D:2      | Noticed Jessica
  1193 | D:2      | Killed Jessica
  1194 | D:2      | Reached skill level 4 in Summonings
  1624 | D:3      | Slain by an orc wizard

Illustrated notes

Levels and vault maps discovered:
D:1:      minmay_arrival_split_and_join, layout_rooms, serial_shops,
          nicolae_shop_trees
D:2:      layout_basic, uniq_jessica
D:3:      layout_loops_ring, ebering_ghost_gozag, minmay_divided_ellipse

Skill      XL: |  1  2  3 |
---------------+----------+-----
Dodging        | 2 |  2.0
Spellcasting   | 3 |  3.3
Stealth        | 2 |  2.0
Summonings     | 4 |  4.1

Action                   || total
-------------------------++-------
Melee: Unarmed           ||    14
       Dagger            ||    32
 Cast: Summon Small Mamm ||     9
       Call Imp          ||     7
       Call Canine Famil ||     4
  Use: Scroll            ||     1
       Potion            ||     1
Armor: Robe              ||    17
Dodge: Dodged            ||    24

Table legend: (Time is in decaauts)
 A = Elapsed time spent in this place.
 B = Non-inter-level travel time spent in this place.
 C = Inter-level travel time spent in this place.
 D = Time resting spent in this place.
 E = Time spent auto-exploring this place.
 F = Levels seen in this place.
 G = Mean time per level.
                   A        B        C        D        E       F      G
               +--------+--------+--------+--------+--------+-----+--------+
         Total |   1622 |   1560 |     62 |    307 |   1002 |   3 |  540.7 |
       Dungeon |   1622 |   1560 |     62 |    307 |   1002 |   3 |  540.7 |
               +--------+--------+--------+--------+--------+-----+--------+

Top non-repeatable levels by time:
     D:1: 801 daAuts
     D:2: 788 daAuts
     D:3: 32 daAuts
